 Dungeon Crawl Stone Soup version 0.31-a0-202-g547052b (webtiles) character file.

Game seed: 1820039035845609503

1584979 Dhd the Planerender (level 27, 245/245 HPs)
             Began as a Barachi Reaver on June 26, 2023.
             Was the Champion of Cheibriados.
             Escaped with the Orb
             ... and 3 runes!
             The game lasted 05:31:34 (79923 turns).

Dhd the Planerender (Barachi Reaver)               Turns: 79923, Time: 05:31:35

Health: 245/245    AC: 24    Str: 32      XL:     27
Magic:  41/41      EV: 33    Int: 39 (41) God:    Cheibriados [******]
Gold:   3202       SH: 22    Dex: 30      Spells: 8/54 levels left

rFire   + . .        b - +9 demon blade (elec)
rCold   + . .        q - +4 kite shield {AC+3}
rNeg    . . .        A - +1 ring mail {rF+}
rPois   +            T - +2 helmet {SInv}
rElec   +            B - +2 cloak {Will+}
rCorr   .            J - +2 pair of gloves
SInv    +            w - +2 pair of boots {Fly}
Will    +++..        f - amulet of magic regeneration
Stlth   +            G - ring of Duung {Wiz Contam Fly rElec rC+ Int+3}
HPRegen 0.60/turn    g - ring "Orotid" {rPois Str+3}
MPRegen 0.67/turn

%: wizardry (x1)
@: flying, very slow
A: amphibious, slowness 1, strong legs 2, +LOS
0: Orb of Zot
}: 3/15 runes: decaying, serpentine, silver
a: Hop, Renounce Religion, Bend Time, Temporal Distortion, Slouch, Step From
Time


You escaped.
You worshipped Cheibriados.
Cheibriados was exalted by your worship.
You visited 10 branches of the dungeon, and saw 48 of its levels.
You also visited: Wizlab.

You collected 7364 gold pieces.
You spent 4162 gold pieces at shops.

Inventory:

Hand Weapons
 a - the +12 spear "Qaunouma" {elec, rN+}
   (You took it off a fire giant on level 5 of the Vaults)

   rN:        It protects you from negative energy.
 b - a +9 demon blade of electrocution (weapon)
Missiles
 H - 13 curare-tipped darts {!f}
Armour
 q - a +4 kite shield of protection (worn)
 w - a +2 pair of boots of flying (worn)
 A - a +1 ring mail of fire resistance (worn)
 B - a +2 cloak of willpower (worn)
 J - a +2 pair of gloves (worn)
 L - a +2 hat of willpower
 T - a +2 helmet of see invisible (worn)
Jewellery
 f - an amulet of magic regeneration (around neck)
 g - the ring "Orotid" (right hand) {rPois Str+3}
   (You bought it in a shop on level 1 of the Snake Pit)

   [ring of poison resistance]

   Str:       It affects your strength (+3).
   rPois:     It protects you from poison.
 s - a ring of resist corrosion
 u - a ring of protection from fire
 G - the ring of Duung (left hand) {Wiz Contam Fly rElec rC+ Int+3}
   (You took it off a yaktaur captain on level 5 of the Vaults)

   [ring of wizardry]

   It improves your spell success rate.
   Int:       It affects your intelligence (+3).
   rC:        It protects you from cold.
   rElec:     It insulates you from electricity.
   Fly:       It grants you flight.
   Contam:    It causes magical contamination when unequipped.
 K - a ring of willpower
 O - an amulet of reflection
 Y - a ring of see invisible
Wands
 j - a wand of digging (37)
 m - a wand of paralysis (37)
 M - a wand of light (46) (quivered)
 R - a wand of mindburst (21)
 S - a wand of iceblast (60)
 X - a wand of polymorph (27)
 Z - a wand of flame (33)
Scrolls
 c - a scroll of butterflies
 d - 2 scrolls of torment
 e - 20 scrolls of teleportation
 h - 6 scrolls of enchant weapon
 k - 3 scrolls of blinking
 n - 9 scrolls of fog
 o - 3 scrolls of amnesia
 p - 7 scrolls of poison
 r - 5 scrolls of fear
 v - 6 scrolls of vulnerability
 y - a scroll of enchant armour
 F - a scroll of silence {!r}
 P - 7 scrolls of immolation
Potions
 i - 2 potions of heal wounds
 t - 3 potions of resistance
 x - 13 potions of curing
 z - 12 potions of mutation
 C - a potion of cancellation
 D - 4 potions of invisibility
 I - 6 potions of lignification
 N - 2 potions of ambrosia
 Q - 3 potions of might
 U - 6 potions of enlightenment
 W - 9 potions of brilliance
Miscellaneous
 l - a sack of spiders
 E - a lightning rod (4/4)
 V - a tin of tremorstones (2/2)


   Skills:
 - Level 26.0 Fighting
 - Level 14.0 Long Blades
 - Level 2.0 Throwing
 - Level 8.8 Armour
 - Level 20.0 Dodging
 - Level 6.0 Stealth
 + Level 18.4 Shields
 - Level 14.0 Spellcasting
 - Level 15.0 Conjurations
 O Level 27 Summonings
 - Level 4.0 Necromancy
 - Level 2.0 Translocations
 - Level 7.0 Transmutations
 - Level 4.0 Ice Magic
 - Level 6.0 Earth Magic
 - Level 12.0 Invocations
 - Level 8.0 Evocations


You had 8 spell levels left.
You knew the following spells:

 Your Spells              Type           Power      Damage    Failure   Level
a - Borgnjor's Vile Clut  Necr/Erth      30%        N/A       3%          5
b - Summon Horrible Thin  Summ           63%        N/A       1%          8
c - Leda's Unmaking       Conj/Erth      41%        9d7       1%          6
d - Lesser Beckoning      Tloc           84%        N/A       1%          2
e - Irradiate             Conj/Tmut      42%        3d25      1%          5
f - Spellforged Servitor  Conj/Summ      56%        N/A       1%          7
g - Dragon's Call         Summ           63%        N/A       1%          9
j - Passwall              Tmut/Erth      55%        N/A       1%          2
B - Blink                 Tloc           84%        N/A       1%          2

Your spell library contained the following spells:

 Spells                   Type           Power      Damage    Failure   Level
 Animate Armour           Summ/Erth      100%       N/A       0%          4
 Freeze                   Ice            100%       1d10      1%          1
 Kiss of Death            Conj/Necr      100%       2d13      1%          1
 Sandblast                Erth           100%       2d20      1%          1
 Shock                    Conj/Air       100%       1d9       1%          1
 Slow                     Hex            100%       N/A       1%          1
 Sting                    Tmut/Pois      100%       1d8       1%          1
 Cigotuvi's Dreadful Rot  Necr/Pois/Air  74%        N/A       1%          2
 Momentum Strike          Conj/Tloc      100%       3d10      1%          2
 Poisonous Vapours        Pois/Air       54%        N/A       1%          2
 Static Discharge         Conj/Air       100%       2-7/arc   1%          2
 Sublimation of Blood     Necr           55%        N/A       1%          2
 Wereblood                Tmut           69%        N/A       1%          2
 Dazzling Flash           Conj/Hex       100%       N/A       1%          3
 Frozen Ramparts          Ice            100%       1d16      1%          3
 Hailstorm                Conj/Ice       79%        3d16      1%          3
 Ignite Poison            Fire/Tmut/Pois 45%        N/A       1%          3
 Ozocubu's Armour         Ice            55%        N/A       1%          3
 Portal Projectile        Hex/Tloc       70%        N/A       1%          3
 Stone Arrow              Conj/Erth      100%       3d13      1%          3
 Summon Guardian Golem    Hex/Summ       93%        N/A       1%          3
 Vampiric Draining        Necr           55%        2d9       1%          3
 Vhi's Electric Charge    Tloc/Air       70%        N/A       1%          3
 Dispel Undead            Necr           55%        3d20      1%          4
 Flame Wave               Conj/Fire      72%        2d16      1%          4
 Ice Form                 Ice/Tmut       63%        N/A       1%          4
 Petrify                  Tmut/Erth      67%        N/A       1%          4
 Sticky Flame             Conj/Fire      72%        2d9       1%          4
 Summon Ice Beast         Ice/Summ       99%        N/A       1%          4
 Arcjolt                  Conj/Air       36%        1d46      1%          5
 Blade Hands              Tmut           34%        N/A       1%          5
 Iskenderun's Battlesphe  Conj           97%        2d14      1%          5
 Lee's Rapid Deconstruct  Erth           32%        3d17*     1%          5
 Orb of Destruction       Conj           48%        9d13      1%          7
 Summon Hydra             Summ           63%        N/A       1%          7
 Confusing Touch          Hex            27%        N/A       2%          3
 Inner Flame              Hex/Fire       27%        N/A       2%          3
 Swiftness                Air            27%        N/A       2%          3
 Leda's Liquefaction      Hex/Erth       25%        N/A       2%          4
 Anguish                  Hex/Necr       21%        N/A       3%          4
 Agony                    Necr           55%        N/A       4%          5
 Alistair's Intoxication  Tmut/Pois      35%        N/A       6%          5
 Airstrike                Air            13%        2d(2-18)  9%          4
 Cause Fear               Hex            13%        N/A       9%          4
 Olgreb's Toxic Radiance  Pois           27%        N/A       9%          4
 Statue Form              Tmut/Erth      44%        N/A       9%          6
 Metabolic Englaciation   Hex/Ice        21%        N/A       11%         5
 Silence                  Hex/Air        13%        N/A       22%         5
 Death Channel            Necr           27%        N/A       24%         6
 Simulacrum               Ice/Necr       27%        N/A       24%         6
 Eringya's Noxious Bog    Tmut/Pois      26%        N/A       28%         6
 Dragon Form              Tmut           34%        N/A       36%         7
 Lehudib's Crystal Spear  Conj/Erth      41%        10d10     56%         8
 Plasma Beam              Fire/Air       13%        2x1d24    75%         6
 Ozocubu's Refrigeration  Ice            27%        4d13      77%         7
 Storm Form               Tmut/Air       26%        N/A       82%         7
 Enfeeble                 Hex            13%        N/A       99%         7
 Necromutation            Tmut/Necr      31%        N/A       99%         8
 Borgnjor's Revivificati  Necr           27%        N/A       100%        8
 Discord                  Hex            13%        N/A       100%        8
 Ignition                 Fire           13%        3d6       100%        8
 Maxwell's Capacitive Co  Air            13%        ∞         100%        8
 Death's Door             Necr           27%        N/A       100%        9
 Polar Vortex             Ice            27%        N/A       100%        9
 Shatter                  Erth           32%        3d26*     100%        9


Dungeon Overview and Level Annotations

Branches:
Dungeon (15/15)            Temple (1/1) D:5            Lair (5/5) D:9
  Swamp (4/4) Lair:2        Snake (4/4) Lair:3        Slime (0/5) Lair:4
    Orc (2/2) D:10            Elf (3/3) Orc:2        Vaults (5/5) D:14
  Crypt (0/3) Vaults:3     Depths (4/4) D:15            Zot (5/5) Depths:4
 WizLab (visited)

Altars:
Ashenzari
Cheibriados
Dithmenos
Elyvilon
Fedhas
Gozag
Hepliaklqana
Kikubaaqudgha
Makhleb
Nemelex Xobeh
Okawaru
Qazlal
Ru
Sif Muna
Trog
Uskayaw
Vehumet
Wu Jian
Xom
Yredelemnul
Zin
The Shining One
Jiyva

Shops:
D:7 *   D:8 *   D:13 !   Orc:2 ?(=(:   Elf:1 *   Snake:1 ===:   Zot:5 *
Depths:4 !

Portals:
Hell: Depths:1 Depths:2 Depths:3 Depths:4
Abyss: D:9 Depths:3
Pandemonium: Depths:2 Depths:3
Ziggurat: Depths:4
Trove: D:10 (give 7 potions of haste)

Annotations:
D:2 1 runed translucent door, Crazy Yiuf
Depths:1 4 transporters, exclusion: downstairs


Innate Abilities, Weirdness & Mutations

You are amphibious.
You cover ground slowly.
You can hop long distances.
You have an extended range of vision and can be seen from far away.


Message History

Confirm with . or Enter, or press ? or * to list all spells.
You struggle to grasp the nature of the incomprehensible forces at work.
You feel dopey.
The efreet hits your tentacled monstrosity with a +3 scimitar of flaming!
The efreet burns your tentacled monstrosity.
Your tentacled monstrosity tentacle-slaps the efreet! x2
Your tentacled monstrosity tentacle-slaps the efreet but does no damage.
Your tentacled monstrosity grabs the efreet.
Your tentacled monstrosity constricts the efreet.
Your tentacled monstrosity tentacle-slaps the efreet but does no damage. x2
Your tentacled monstrosity tentacle-slaps the efreet!
Your tentacled monstrosity constricts the efreet.
The efreet dies!
Cheibriados thoroughly appreciates the change of pace.
A chaos spawn comes into view.
There is an empty arch of ancient stone here.
Casting: Summon Horrible Things (mildly dangerous; 1% risk of failure)
Confirm with . or Enter, or press ? or * to list all spells.
A thin, monotonous whinny from outside of time grows ever louder in your ears.
You feel dopey.
Your large abomination disappears in a puff of smoke! x3
The chaos spawn hits you but does no damage.
Your tentacled monstrosity tentacle-slaps the chaos spawn!
Your tentacled monstrosity tentacle-slaps the chaos spawn.
Your tentacled monstrosity closely misses the chaos spawn.
Your tentacled monstrosity grabs the chaos spawn.
Your tentacled monstrosity constricts the chaos spawn!
You hit the chaos spawn.
Lightning courses through the chaos spawn!!
You kill the chaos spawn!
Cheibriados appreciates the change of pace.
The chaos spawn degenerates into a cloud of primal chaos!
You swap places.
Your tentacled monstrosity is engulfed in seething chaos. x2
You swap places.
Your large abomination disappears in a puff of smoke!
Your tentacled monstrosity disappears in a puff of smoke!
Your large abomination disappears in a puff of smoke!
There is a staircase leading out of the dungeon here.
You have escaped!

## .## ####################
#.############.................##
...............##########........
#.#.........#### #.####.##
.##.############# #.# #.##
###.###.♣....♣..## #.# #.## #
#..#...........## #.# #.##
####♣..♣.....X@.### #.# ##.##
#.........XXX.~# #.# #..## ###
#..........X...# #.# #.#..
..###♣..............♣ #.###.#.#
.#∩#................♣ #.#.....#
##......8.....♣.....#####.#.###.#
##..................#.......###..
#.................♣.#####........
#♣..................#......#####.


You could see a friendly tentacled monstrosity (summoned) and 4 friendly large
abominations.

Vanquished Creatures
  A Killer Klown (Zot:5)
  Vashnia (Snake:3)
  A caustic shrike (Depths:2)
  A golden dragon (Zot:5)
  A Cloud Mage (WizLab)
  A tentacled monstrosity (Swamp:4)
  Jorgrun (Snake:1)
  An Orb Guardian (D:9)
  2 deep elf blademasters
  Mlioglotl (Snake:1)
  A deep elf master archer (Elf:3)
  3 sphinxes
  A thorn hunter (Swamp:4)
  A death cob (Zot:3)
  A shadow dragon (Vaults:5)
  Kirke (Swamp:1)
  2 tengu reavers
  2 draconian monks
  A storm dragon (Zot:1)
  Donald (Snake:4)
  5 nagarajas
  A fenstrider witch (Swamp:1)
  8 vault wardens
  The ghost of Uggejo the Warrior, a journeyman MiAK of Lugonu (Swamp:4)
  2 frost giants
  A fire giant (Vaults:5)
  The ghost of Radamante the Severer, a journeyman MiFi of Hepliaklqana (Orc:2)
  A deep elf sorcerer (Elf:3)
  A ghost moth (Zot:5)
  A curse skull (Vaults:3)
  Aizul (Snake:1)
  13 ironbound preservers
  2 orc warlords
  5 very ugly things
  2 war gargoyles
  A broodmother (shapeshifter) (Vaults:5)
  2 ghouls (Swamp:1)
  4 dire elephants (Vaults:2)
  6 ironbound thunderhulks
  3 eleionomae
  A yellow draconian (Zot:5)
  6 bunyips
  2 deep elf annihilators (Elf:3)
  3 spark wasps (WizLab)
  An eidolon (Vaults:3)
  2 green deaths (Swamp:4)
  2 deep elf death magi (Elf:3)
  Snorg (D:13)
  A deep elf high priest (Elf:3)
  Josephine (D:10)
  A great orb of eyes (Swamp:4)
  7 yaktaur captains
  9 vault guards
  6 salamander tyrants
  10 hydras
  Erolcha (D:13)
  A peacekeeper (Vaults:4)
  3 catoblepae
  An ogre mage (D:15)
  2 ghost crabs (WizLab)
  2 hell beasts
  3 spriggan air magi
  A death knight (D:14)
  The ghost of PiratePeteNZ the Thaumaturge, a journeyman DrEE of Vehumet (Orc:2)
  4 alligators
  An anaconda (shapeshifter) (D:15)
  3 boulder beetles
  6 anacondas
  3 ironbound frosthearts
  14 dancing weapons
  14 centaur warriors
  7 two-headed ogres
  A spriggan berserker (Depths:1)
  The ghost of Wizard1ke the Fighter, a journeyman VSMo of Uskayaw (D:9)
  12 death yaks
  11 naga warriors
  A deep troll earth mage (Vaults:5)
  7 shock serpents
  14 naga sharpshooters
  3 orc high priests (Orc:2)
  8 deep elf knights
  A soul eater (Depths:3)
  Urug (D:12)
  A fire crab (shapeshifter) (D:14)
  2 skysharks
  Sonja (Lair:2)
  Amaemon (Lair:3)
  A wretched star (D:9)
  3 salamander mystics
  5 skeletal warriors (D:15)
  3 spriggan druids
  2 glowing orange brains
  A tengu zombie (Vaults:2)
  2 death drakes (WizLab)
  9 swamp dragons
  9 deep elf archers
  15 ironbound convokers
  7 naga ritualists
  A lindwurm (Vaults:1)
  15 deep trolls
  11 bog bodies
  5 wizards
  A phantasmal warrior (Vaults:5)
  11 mana vipers
  14 deep elf zephyrmancers
  4 steelbarb worms (Swamp:3)
  A mana viper (shapeshifter) (D:15)
  9 orc knights
  5 orc sorcerers
  9 deep elf pyromancers
  2 manticores
  2 wolf spiders
  17 ugly things
  A cyclops (D:12)
  15 salamanders
  2 moths of wrath (Zot:2)
  4 will-o-the-wisps
  6 elephants
  A rust devil (Depths:3)
  11 naga magi
  Joseph (Lair:1)
  An elf zombie (Vaults:2)
  12 vault sentinels
  Maggie (Lair:1)
  3 guardian serpents
  36 black mambas
  5 orange demons
  18 cane toads
  A kobold demonologist (D:12)
  12 yaktaurs
  3 nameless horrors
  7 rime drakes
  A tengu conjurer (Vaults:1)
  An efreet (D:14)
  10 komodo dragons
  A hellwing (Zot:2)
  An ancient zyme (D:9)
  A queen bee (shapeshifter) (D:14)
  6 trolls
  The ghost of ChinnyChinChin the Sneak, a novice SpVM (D:5)
  15 tyrant leeches
  4 polar bears
  A bloated husk (Swamp:3)
  12 hornets
  23 blink frogs
  2 large abominations
  8 spriggans
  4 air elementals (WizLab)
  Sigmund (D:5)
  A ynoxinul (D:9)
  51 yaks
  9 wraiths
  30 slime creatures
  A water elemental (Elf:1)
  11 wyverns
  2 basilisks
  A vampire (D:11)
  3 shadows
  A chaos spawn (D:1)
  A steam dragon (Lair:3)
  A redback (Lair:5)
  3 hogs (Swamp:1)
  22 vampire mosquitoes
  4 wargs
  Edmund (D:4)
  A harpy simulacrum (D:14)
  51 nagas
  An acid dragon (D:12)
  26 swamp worms
  24 water moccasins
  16 orc warriors
  A swamp drake (Swamp:4)
  4 black bears
  8 ogres
  2 sky beasts
  2 boggarts (Vaults:1)
  3 wolves (Lair:3)
  7 centaurs
  3 phantoms
  Blork the orc (D:6)
  2 kobold brigands
  2 earth elementals
  2 necrophages (Swamp:1)
  7 bullfrogs
  5 scorpions
  4 gnoll sergeants
  2 small abominations (D:9)
  4 wights (D:8)
  7 killer bees
  5 howler monkeys
  7 electric eels
  A gnoll bouda (D:5)
  4 hounds
  16 orc priests
  8 jellies
  2 sleepcaps
  6 hell rats (Lair:2)
  3 iguanas
  18 orc wizards
  Robin (D:1)
  22 gnolls
  6 adders
  2 shadow imps
  2 white imps
  3 worms
  A dart slug (D:3)
  50 orcs
  6 ball pythons
  7 bats
  5 endoplasms
  A giant cockroach (D:1)
  11 goblins
  9 hobgoblins
  8 jackals
  5 quokkas
  3 frilled lizards
  20 kobolds
  7 rats
1233 creatures vanquished.

Vanquished Creatures (collateral kills)
  4 dread liches
  4 orbs of fire
  4 ancient liches
  Mara (Depths:2)
  The ghost of Plog the Crack Shot, a legendary FoHu of Dithmenos (Zot:5)
  Sojobo (Depths:2)
  Parghit (Depths:3)
  10 Killer Klowns (Zot:5)
  4 pandemonium lords
  4 curse toes
  7 caustic shrikes
  8 golden dragons
  Rupert (D:12)
  4 electric golems
  A hellephant (Depths:4)
  A walking earthen tome (Depths:2)
  17 tentacled monstrosities
  Asterion (Snake:4)
  The ghost of Faukhymm the Imperceptible, an adept SpBe of Trog (Depths:1)
  3 liches
  28 Orb Guardians
  A deep elf master archer (Elf:3)
  4 titans (Vaults:5)
  An Executioner (D:9)
  8 death cobs
  6 quicksilver dragons
  7 sphinxes
  17 storm dragons
  7 draconian monks
  7 tengu reavers
  9 shadow dragons
  Roxanne (Swamp:4)
  10 draconian knights
  A demonspawn warmonger (D:9)
  7 draconian scorchers
  6 frost giants
  7 vault wardens
  7 fire giants
  3 balrugs
  8 deep elf elementalists (Elf:3)
  3 iron dragons (Vaults:5)
  4 ghost moths
  4 draconian stormcallers
  5 deep elf sorcerers
  A reaper (Zot:2)
  A spriggan defender (Depths:3)
  A cacodemon (Depths:3)
  12 very ugly things
  5 draconian shifters
  3 formless jellyfish
  6 draconian annihilators
  9 ironbound preservers
  An ironbound thunderhulk (Vaults:4)
  The ghost of bdelloidea the Severer, a journeyman MiBe of Trog (Lair:3)
  3 vampire knights
  13 stone giants
  A war gargoyle (Vaults:5)
  13 green draconians
  A deep elf demonologist (Elf:3)
  A lorocyproca (Depths:2)
  13 purple draconians
  An eleionoma (Swamp:4)
  10 black draconians
  5 deep elf annihilators
  2 dire elephants (Vaults:2)
  13 white draconians
  10 yellow draconians
  6 red draconians
  An ettin (shapeshifter) (Depths:3)
  2 blizzard demons (WizLab)
  2 spark wasps (Depths:3)
  A crystal guardian (Vaults:4)
  2 entropy weavers
  7 ettins
  4 deep elf death magi
  7 fire dragons
  4 deep elf high priests
  4 yaktaur captains (Vaults:5)
  5 great orbs of eyes
  2 hell beasts
  2 rakshasas (Depths:3)
  27 vault guards
  4 spriggan air magi
  2 hydras (Swamp:4)
  3 centaur warriors
  A ghost crab (WizLab)
  A boulder beetle (Vaults:1)
  8 ice dragons
  An ironbound frostheart (Vaults:2)
  23 dancing weapons
  An alligator (Swamp:4)
  5 tengu warriors
  8 deep troll earth magi
  4 deep troll shamans
  A shock serpent (shapeshifter) (Vaults:4)
  A spriggan (Depths:3)
  A spriggan berserker (Depths:3)
  3 hell knights (Depths:4)
  A soul eater (Zot:1)
  8 deep elf knights
  A salamander mystic (Depths:1)
  A shock serpent (WizLab)
  3 sun demons
  A skeletal warrior (Vaults:3)
  20 deep trolls
  A spriggan druid (Swamp:4)
  6 iron trolls
  3 death drakes (WizLab)
  5 deep elf archers
  A swamp dragon (Swamp:4)
  3 glowing orange brains
  A flayed ghost (Depths:4)
  5 wizards
  7 phantasmal warriors
  5 lindwurms
  4 necromancers
  7 ironbound convokers
  3 orc knights
  12 deep elf pyromancers
  A wolf spider (shapeshifter) (Depths:1)
  A cyclops (shapeshifter) (Depths:4)
  20 deep elf zephyrmancers
  30 ugly things
  2 salamanders (Depths:1)
  A rust devil (Depths:2)
  A guardian serpent (shapeshifter) (Vaults:5)
  25 moths of wrath
  An apocalypse crab (WizLab)
  9 vault sentinels
  A smoke demon (Depths:1)
  A naga mage (Vaults:1)
  3 hellions
  5 yaktaurs
  2 orange demons
  A tengu conjurer (Depths:4)
  An efreet (D:1)
  2 freezing wraiths (Vaults:5)
  3 red devils
  2 wind drakes (WizLab)
  A bloated husk (Swamp:4)
  A hellwing (Depths:3)
  A hornet (Depths:3)
  A dream sheep (shapeshifter) (Vaults:5)
  6 nameless horrors
  A deep troll zombie (Vaults:2)
  A jumping spider (Vaults:5)
  8 air elementals
  14 slime creatures
  10 water elementals
  A ynoxinul (Depths:3)
  A fire elemental (Elf:1)
  A hog (shapeshifter) (Vaults:5)
  2 redbacks (Vaults:5)
  A neqoxec (Depths:2)
  A floating eye (Depths:2)
  A boggart (Vaults:1)
  2 human skeletons (Vaults:2)
  An earth elemental (Elf:2)
  A shadow imp (Depths:1)
774 creatures vanquished.

Vanquished Creatures (others)
  A green draconian (Depths:4)
  A purple draconian (Depths:4)
  A white draconian (Zot:5)
  A vault guard (Vaults:5)
  An ogre mage (Vaults:5)
  A deep elf knight (Elf:1)
  A deep troll (Depths:1)
  A deep elf pyromancer (D:14)
  A moth of wrath (Zot:2)
  A naga mage (Snake:1)
  4 bloated husks
  4 water elementals (Depths:3)
  2 humans (Swamp:1)
  A naga (Snake:1)
  18 foxfires
39 creatures vanquished.

Grand Total: 2046 creatures vanquished

Notes
Turn   | Place    | Note
-------+----------+-------------------------------------------
     0 | D:1      | Dhd the Barachi Reaver began the quest for the Orb.
     0 | D:1      | Reached XP level 1. HP: 17/17 MP: 3/3
   192 | D:1      | Reached XP level 2. HP: 22/23 MP: 5/5
   196 | D:1      | Learned a level 2 spell: Momentum Strike
   276 | D:1      | Reached skill level 1 in Necromancy
   556 | D:1      | Found a faded altar of an unknown god.
  1021 | D:1      | Reached XP level 3. HP: 28/28 MP: 6/6
  1310 | D:2      | Found a stormy altar of Qazlal.
  1661 | D:2      | Reached skill level 1 in Stealth
  1661 | D:2      | Reached skill level 1 in Translocations
  1661 | D:2      | Reached XP level 4. HP: 29/31 MP: 4/7
  1680 | D:2      | Noticed Robin
  1752 | D:2      | Found a runed translucent door.
  1753 | D:2      | Noticed Crazy Yiuf
  1805 | D:1      | Killed Robin
  2447 | D:3      | Reached XP level 5. HP: 41/41 MP: 3/8
  3010 | D:4      | Noticed a black bear
  3098 | D:4      | Noticed a phantom
  3200 | D:4      | Killed a black bear
  3201 | D:4      | Reached XP level 6. HP: 46/48 MP: 4/9
  3503 | D:4      | Noticed Edmund
  3881 | D:4      | Reached skill level 5 in Fighting
  3881 | D:4      | Reached skill level 5 in Long Blades
  3881 | D:4      | Reached skill level 5 in Conjurations
  3881 | D:4      | Reached XP level 7. HP: 52/55 MP: 5/10
  3944 | D:4      | Learned a level 3 spell: Hailstorm
  4163 | D:4      | Reached skill level 1 in Ice Magic
  4502 | D:5      | Entered Level 5 of the Dungeon
  4779 | D:5      | Found a staircase to the Ecumenical Temple.
  4967 | Temple   | Entered the Ecumenical Temple
  4967 | Temple   | Found a transporter.
  4967 | Temple   | Found a transporter.
  4968 | Temple   | Found a transporter.
  4968 | Temple   | Found a transporter.
  5003 | Temple   | Became a worshipper of Cheibriados the Contemplative
  5037 | D:5      | Reached XP level 8. HP: 45/59 MP: 12/12
  5670 | D:5      | Found a runed translucent door.
  5672 | D:5      | Noticed ChinnyChinChin's ghost (novice SpVM)
  5684 | D:5      | Noticed Sigmund
  5699 | D:5      | Killed Sigmund
  6307 | D:6      | Learned a level 3 spell: Stone Arrow
  6687 | D:6      | Reached skill level 1 in Earth Magic
  7009 | D:6      | Noticed a two-headed ogre
  7113 | D:6      | Reached * piety under Cheibriados
  7307 | D:6      | Reached XP level 9. HP: 73/73 MP: 10/14
  7482 | D:6      | Noticed Blork the orc
  7488 | D:6      | Killed Blork the orc
  8442 | D:7      | Found Castiaf's Mass Market.
  8470 | D:7      | Learned a level 2 spell: Blink
  8473 | D:7      | Learned a level 2 spell: Passwall
  9005 | D:7      | Paralysed by an orc for 3 turns
  9094 | D:7      | Noticed a hornet
  9099 | D:7      | Killed a hornet
  9100 | D:7      | Reached skill level 1 in Evocations
  9287 | D:6      | Killed a two-headed ogre
  9288 | D:6      | Reached skill level 5 in Dodging
  9288 | D:6      | Reached skill level 5 in Spellcasting
 10136 | D:8      | Reached XP level 10. HP: 83/83 MP: 9/17
 10163 | D:8      | Found Xoiruod's Assorted Antiques.
 10169 | D:8      | Noticed a manticore
 10169 | D:8      | Identified the +1 falchion of the Valley of Death {venom,
                  | +Blink Fly Will+ Str-4 Dex+3}
 10170 | D:8      | Noticed a manticore
 10170 | D:8      | Noticed a salamander
 10171 | D:8      | Noticed a five-headed hydra
 10171 | D:8      | Noticed a deep elf pyromancer
 10171 | D:8      | Noticed a seven-headed hydra
 10253 | D:4      | Killed Edmund
 10582 | D:5      | Killed ChinnyChinChin's ghost
 10583 | D:5      | Reached skill level 1 in Throwing
 11069 | D:8      | Reached ** piety under Cheibriados
 11246 | D:8      | Bought an emerald potion for 29 gold pieces
 11246 | D:8      | Bought a scroll labelled RACED ZEMP for 33 gold pieces
 11246 | D:8      | Bought a golden potion for 29 gold pieces
 11246 | D:8      | Bought a scroll labelled CEATUO TOFE for 33 gold pieces
 11246 | D:8      | Bought a scroll labelled JUIWUPRAEPH for 33 gold pieces
 11246 | D:8      | Bought a scroll of identify for 66 gold pieces
 11610 | D:8      | Noticed a torpor snail
 11611 | D:8      | Noticed a juggernaut
 11611 | D:8      | Noticed a torpor snail
 11621 | D:8      | Noticed a skyshark
 11621 | D:8      | a skyshark changed into a steelbarb worm
 11621 | D:8      | Noticed a steelbarb worm (shapeshifter)
 11621 | D:8      | Noticed a rockslime
 11623 | D:8      | Noticed a satyr
 11776 | D:8      | Noticed a rockslime
 11776 | D:8      | Noticed a boulder beetle
 11788 | D:8      | Noticed a skyshark
 11798 | D:9      | Found a transporter.
 11805 | D:9      | Found a one-way gate to the infinite horrors of the Abyss.
 11805 | D:9      | Noticed Wizard1ke's ghost (journeyman VSMo)
 11962 | D:9      | Learned a level 2 spell: Lesser Beckoning
 12070 | D:9      | Found a transporter.
 12071 | D:9      | Noticed a wretched star
 12147 | D:9      | Reached *** piety under Cheibriados
 12148 | D:9      | Reached skill level 10 in Fighting
 12546 | D:9      | Reached skill level 1 in Transmutations
 12721 | D:9      | Reached skill level 1 in Invocations
 12845 | D:9      | Found a staircase to the Lair.
 13050 | D:9      | Reached skill level 5 in Evocations
 13050 | D:9      | Reached XP level 11. HP: 87/90 MP: 5/20
 13161 | D:9      | Reached **** piety under Cheibriados
 13549 | D:10     | Entered Level 10 of the Dungeon
 13551 | D:10     | Found an iron altar of Okawaru.
 13570 | D:10     | Learned a level 5 spell: Irradiate
 13580 | D:10     | Found a broken altar of Ashenzari.
 13580 | D:10     | Found a burning altar of Makhleb.
 14037 | D:10     | Reached skill level 5 in Transmutations
 14131 | D:10     | Found a portal to a secret trove of treasure.
 14270 | D:10     | Found a staircase to the Orcish Mines.
 14371 | D:11     | Noticed Josephine
 14380 | D:11     | HP: 2/79 [Josephine/ghostly fireball (18)]
 14394 | D:10     | Killed Josephine
 14578 | D:11     | Reached ***** piety under Cheibriados
 14866 | D:11     | Reached skill level 5 in Invocations
 14980 | D:11     | Reached skill level 1 in Armour
 15015 | D:11     | Noticed a two-headed ogre
 15022 | D:11     | Killed a two-headed ogre
 15674 | Lair:1   | Entered Level 1 of the Lair of Beasts
 15719 | Lair:1   | Reached XP level 12. HP: 52/99 MP: 21/21
 16132 | Lair:1   | Noticed Joseph
 16137 | Lair:1   | Killed Joseph
 16193 | Lair:1   | Noticed a death yak
 16193 | Lair:1   | Noticed a death yak
 16193 | Lair:1   | Noticed a death yak
 16193 | Lair:1   | Noticed a death yak
 16202 | Lair:1   | Noticed a death yak
 16216 | D:9      | Killed a death yak
 16323 | Lair:1   | Noticed a death yak
 16331 | Lair:1   | Killed a death yak
 16331 | Lair:1   | Killed a death yak
 16345 | D:9      | Killed a death yak
 16346 | D:9      | Killed a death yak
 16438 | Lair:1   | Killed a death yak
 16943 | Lair:1   | Noticed a five-headed hydra
 16951 | Lair:1   | Killed a five-headed hydra
 17075 | Lair:1   | Noticed Maggie
 17080 | Lair:1   | Killed Maggie
 17568 | Lair:2   | Noticed Sonja
 17589 | Lair:1   | Reached skill level 10 in Long Blades
 17608 | Lair:2   | Noticed a skyshark
 17623 | Lair:2   | Killed a skyshark
 17724 | Lair:2   | Gained mutation: You can hop long distances. [Barachi
                  | growth]
 17724 | Lair:2   | Reached XP level 13. HP: 100/108 MP: 16/22
 18227 | Lair:2   | Killed Sonja
 18359 | Lair:2   | You fall into a shaft and drop 2 floors!
 18373 | Lair:4   | Found a staircase to the Slime Pits.
 18380 | Lair:3   | Noticed Amaemon
 18993 | Lair:2   | Found a staircase to the Swamp.
 19703 | Lair:3   | Reached ****** piety under Cheibriados
 19759 | Lair:3   | Reached skill level 5 in Armour
 20073 | Lair:3   | Reached XP level 14. HP: 120/120 MP: 20/26
 20144 | Lair:3   | Found a staircase to the Snake Pit.
 20403 | Lair:3   | Killed Amaemon
 20891 | Lair:3   | Found a runed translucent door.
 21126 | Lair:3   | Noticed bdelloidea's ghost (journeyman MiBe)
 21297 | Lair:4   | Found a viscous altar of Jiyva.
 22173 | Lair:5   | Entered Level 5 of the Lair of Beasts
 23276 | Lair:5   | Reached skill level 10 in Conjurations
 24217 | D:9      | Reached skill level 10 in Dodging
 24358 | D:9      | Killed Wizard1ke's ghost
 24521 | D:12     | Identified a scroll of acquirement
 24677 | D:12     | Acquired the +6 Majin-Bo {spellvamp, MP+6 Int+6}
 24677 | D:12     | Found the +6 Majin-Bo {spellvamp, MP+6 Int+6}
 24691 | D:12     | Noticed Rupert
 24710 | D:12     | Killed Rupert
 24731 | D:12     | Reached XP level 15. HP: 122/126 MP: 23/27
 25013 | D:12     | Noticed Urug
 25023 | D:12     | Killed Urug
 25673 | Orc:1    | Entered Level 1 of the Orcish Mines
 25693 | Orc:1    | Paralysed by an orc sorcerer for 2 turns
 25873 | Orc:1    | Learned a level 2 spell: Wereblood
 26021 | Orc:2    | Entered Level 2 of the Orcish Mines
 26279 | Orc:2    | Found a staircase to the Elven Halls.
 26295 | Orc:2    | Found a runed translucent gate.
 26295 | Orc:2    | Found a runed translucent gate.
 26295 | Orc:2    | Found a runed translucent gate.
 26561 | Orc:2    | Found Batafin's Jewellery Shop.
 26563 | Orc:2    | Bought an amulet of reflection for 450 gold pieces
 26843 | Orc:2    | Found Fafozepp's Weapon Shoppe.
 26843 | Orc:2    | Found Agulus's Magic Scroll Shop.
 26848 | Orc:2    | Found Xopny Odi's Book Shoppe.
 26848 | Orc:2    | Found Tesoj's Weapon Shop.
 26860 | Orc:2    | Bought a scroll of identify for 36 gold pieces
 26860 | Orc:2    | Bought a scroll of identify for 36 gold pieces
 26860 | Orc:2    | Bought a scroll of enchant weapon for 135 gold pieces
 26860 | Orc:2    | Bought a scroll of enchant weapon for 135 gold pieces
 26860 | Orc:2    | Bought a scroll of identify for 36 gold pieces
 26860 | Orc:2    | Bought a scroll of teleportation for 54 gold pieces
 27041 | Orc:2    | Noticed PiratePeteNZ's ghost (journeyman DrEE)
 27042 | Orc:2    | Noticed Radamante's ghost (journeyman MiFi)
 27050 | Orc:2    | Killed PiratePeteNZ's ghost
 27054 | Orc:2    | Killed Radamante's ghost
 27762 | D:13     | Found Cejoibb's Distillery.
 27765 | D:13     | Noticed Snorg
 27775 | D:13     | Bought a potion of invisibility for 152 gold pieces
 27775 | D:13     | Bought a potion of heal wounds for 95 gold pieces
 27775 | D:13     | Bought a potion of heal wounds for 95 gold pieces
 27775 | D:13     | Bought a potion of lignification for 57 gold pieces
 27775 | D:13     | Bought 2 potions of brilliance for 152 gold pieces
 27775 | D:13     | Bought a potion of curing for 57 gold pieces
 28047 | D:13     | Noticed Erolcha
 28048 | D:13     | Killed Snorg
 28056 | D:13     | Killed Erolcha
 28130 | D:13     | Got the Compilation of Attendants and Intoxication
 28565 | D:14     | Reached skill level 15 in Fighting
 29017 | D:14     | Found a gate to the Vaults.
 29052 | D:14     | Reached skill level 1 in Shields
 29663 | D:15     | Entered Level 15 of the Dungeon
 30064 | D:15     | Reached XP level 16. HP: 97/136 MP: 28/28
 30078 | D:15     | Reached skill level 5 in Shields
 30286 | D:15     | Acquired 599 gold pieces
 30688 | D:15     | Found a staircase to the Depths.
 31168 | Snake:1  | Entered Level 1 of the Snake Pit
 31218 | Snake:1  | Found Wutigal's Jewellery Shoppe.
 31227 | Snake:1  | Bought the ring "Orotid" {rPois Str+3} for 566 gold pieces
 31227 | Snake:1  | Bought a ring of protection from fire for 425 gold pieces
 31558 | Snake:1  | Found Oritelum's Jewellery Boutique.
 31560 | Snake:1  | Found Harphoripo's Book Shoppe.
 31561 | Snake:1  | Found Surphag's Jewellery Boutique.
 31609 | Snake:1  | Noticed Mlioglotl
 31614 | Snake:1  | Noticed Jorgrun
 31620 | Snake:1  | Killed Mlioglotl
 31624 | Snake:1  | Killed Jorgrun
 31633 | Snake:1  | Noticed Aizul
 31644 | Snake:1  | Killed Aizul
 32543 | Snake:2  | Noticed a nagaraja
 32546 | Snake:2  | Killed a nagaraja
 32936 | Snake:2  | Noticed a nagaraja
 32948 | Snake:2  | Killed a nagaraja
 33186 | Snake:2  | Reached skill level 10 in Invocations
 34259 | Snake:3  | Noticed a nagaraja
 34279 | Snake:3  | Killed a nagaraja
 34390 | Snake:3  | Reached skill level 10 in Shields
 34466 | Snake:3  | Reached XP level 17. HP: 104/144 MP: 26/29
 34687 | Snake:3  | Reached XP level 18. HP: 151/151 MP: 30/30
 35114 | Snake:3  | Noticed Vashnia
 35149 | Snake:3  | Killed Vashnia
 35331 | Snake:3  | Learned a level 7 spell: Spellforged Servitor
 35332 | Snake:4  | Entered Level 4 of the Snake Pit
 35332 | Snake:4  | Noticed Donald
 35341 | Snake:4  | Killed Donald
 35342 | Snake:4  | Reached skill level 1 in Summonings
 35607 | Snake:4  | Reached skill level 2 in Summonings
 35686 | Snake:4  | Reached skill level 3 in Summonings
 35917 | Snake:4  | Noticed Asterion
 36082 | Snake:4  | Reached skill level 4 in Summonings
 36434 | Snake:4  | Killed Asterion
 36436 | Snake:4  | Reached skill level 5 in Summonings
 36955 | Snake:4  | Reached skill level 6 in Summonings
 37131 | Snake:4  | Reached skill level 7 in Summonings
 37594 | Snake:4  | Got a serpentine rune of Zot
 38055 | Swamp:1  | Entered Level 1 of the Swamp
 38063 | Swamp:1  | Reached skill level 8 in Summonings
 38213 | Swamp:1  | Reached skill level 10 in Spellcasting
 38440 | Swamp:1  | Noticed Kirke
 38457 | Swamp:1  | Killed Kirke
 38554 | Swamp:1  | Reached skill level 9 in Summonings
 39356 | Swamp:2  | Reached skill level 10 in Summonings
 39411 | Swamp:2  | Reached XP level 19. HP: 135/157 MP: 26/33
 39663 | Swamp:2  | Identified the +5 shortbow of the Mashing Gods {flame, Fly
                  | rF+}
 40088 | Swamp:3  | Reached skill level 11 in Summonings
 41074 | Swamp:4  | Entered Level 4 of the Swamp
 41074 | Swamp:4  | Noticed Roxanne
 41085 | Swamp:3  | Learned a level 7 spell: Orb of Destruction
 41174 | Swamp:4  | Reached skill level 12 in Summonings
 41240 | Swamp:4  | Found a runed translucent door.
 41241 | Swamp:4  | Noticed Uggejo's ghost (journeyman MiAK)
 41817 | Swamp:4  | Reached skill level 15 in Conjurations
 42168 | Swamp:4  | Noticed a tentacled monstrosity
 42179 | Swamp:4  | Killed a tentacled monstrosity
 42466 | Swamp:4  | Reached skill level 13 in Summonings
 42598 | Swamp:4  | Killed Roxanne
 43076 | Swamp:4  | Reached skill level 14 in Summonings
 43246 | Swamp:4  | Got a decaying rune of Zot
 43411 | Swamp:4  | Killed Uggejo's ghost
 43577 | Lair:3   | Killed bdelloidea's ghost
 43943 | Vaults:1 | Entered Level 1 of the Vaults
 44041 | Vaults:1 | Reached skill level 15 in Summonings
 44206 | Vaults:1 | Learned a level 6 spell: Leda's Unmaking
 44397 | Vaults:1 | Reached skill level 5 in Earth Magic
 44460 | Vaults:1 | Found a radiant altar of Vehumet.
 44511 | Vaults:1 | Identified the +1 robe "Poupnunt" {rElec rF- Slay+2}
 44788 | Vaults:1 | Reached XP level 20. HP: 125/166 MP: 18/34
 46739 | Vaults:2 | Reached skill level 16 in Summonings
 48877 | Vaults:3 | Reached skill level 17 in Summonings
 49133 | Vaults:3 | Paralysed by a formless jellyfish for 1 turns
 49191 | Vaults:3 | Reached XP level 21. HP: 180/180 MP: 29/36
 49521 | Vaults:3 | Found a staircase to the Crypt.
 50056 | Vaults:3 | Learned a level 8 spell: Summon Horrible Things
 50543 | Vaults:4 | Found a magical portal.
 50553 | WizLab   | Entered The Chambers of the Cloud Mage
 50637 | WizLab   | Paralysed by an air elemental for 1 turns
 50980 | WizLab   | Paralysed by an air elemental for 1 turns
 51165 | WizLab   | Paralysed by an air elemental for 1 turns
 51256 | WizLab   | Paralysed by an air elemental for 1 turns
 51355 | WizLab   | Reached skill level 5 in Stealth
 51450 | WizLab   | Paralysed by an air elemental for 1 turns
 51454 | WizLab   | Paralysed by an air elemental for 1 turns
 51682 | WizLab   | Got Fitsiasaebo's Folio of Weather
 51684 | WizLab   | Identified the ring "Hayf" {Fly Str+2 Stlth+}
 51829 | WizLab   | Paralysed by an air elemental for 1 turns
 51927 | Vaults:4 | Reached skill level 18 in Summonings
 52838 | Vaults:4 | Reached skill level 19 in Summonings
 54307 | Elf:1    | Entered Level 1 of the Elven Halls
 54665 | Elf:1    | Reached XP level 22. HP: 190/190 MP: 10/38
 55374 | Elf:1    | Found Caguza's Assorted Antiques.
 55781 | Elf:1    | HP: 8/190 [burnt (4)]
 56279 | Orc:2    | Bought the +5 spear "Fywn" {freeze, rElec Will+} for 600
                  | gold pieces
 57044 | Elf:2    | Found a runed translucent gate.
 57044 | Elf:2    | Found a runed translucent gate.
 57044 | Elf:2    | Found a runed translucent gate.
 57292 | Elf:2    | Reached skill level 20 in Summonings
 57867 | Elf:3    | Entered Level 3 of the Elven Halls
 58124 | Elf:3    | Paralysed by an air elemental for 1 turns
 59135 | Elf:3    | Reached skill level 21 in Summonings
 59221 | Elf:3    | Identified the +0 chain mail "Cink" {+Blink MP-9 Dex+3}
 59649 | Elf:3    | Identified the +4 plate armour "Yrchada" {Harm Dex+3}
 60729 | Elf:3    | Learned a level 9 spell: Dragon's Call
 60752 | Elf:3    | Found the +6 arbalest "Damnation" {damnation}
 60764 | Elf:3    | Got Pautwioh's Compilation of the Insatiable Lives
 61106 | Orc:2    | Bought Great Wizards, Vol. II for 570 gold pieces
 61113 | Orc:2    | Learned a level 5 spell: Borgnjor's Vile Clutch
 61274 | Depths:1 | Entered Level 1 of the Depths
 61289 | Depths:1 | Reached XP level 23. HP: 173/196 MP: 17/41
 61291 | Depths:1 | Reached skill level 22 in Summonings
 61909 | Depths:1 | Found a gateway to Hell.
 62014 | Depths:1 | Found a transporter.
 62189 | Depths:1 | Found a transporter.
 62230 | Depths:1 | Found a transporter.
 62232 | Depths:1 | Found a transporter.
 62296 | Depths:1 | Found a runed translucent door.
 62297 | Depths:1 | Noticed Faukhymm's ghost (adept SpBe)
 62333 | Depths:1 | Killed Faukhymm's ghost
 62898 | Depths:2 | Noticed Sojobo
 62901 | Depths:2 | Noticed Mara
 62993 | Depths:2 | Reached skill level 23 in Summonings
 63003 | Depths:2 | Killed Mara
 63014 | Depths:2 | Killed Sojobo
 63280 | Depths:2 | Paralysed by a floating eye for 4 turns
 63358 | Depths:2 | Found a one-way gate leading to the halls of Pandemonium.
 63427 | Depths:2 | Noticed a caustic shrike
 63431 | Depths:2 | Killed a caustic shrike
 63497 | Depths:2 | Noticed a caustic shrike
 63501 | Depths:2 | Killed a caustic shrike
 64320 | Depths:3 | Noticed a caustic shrike
 64330 | Depths:3 | Killed a caustic shrike
 64334 | Depths:3 | Reached skill level 24 in Summonings
 64363 | Depths:3 | HP: 2/198 [spriggan air mage/bolt of lightning (9)]
 65224 | Depths:3 | Noticed Parghit
 65237 | Depths:3 | Killed Parghit
 65809 | Depths:4 | Entered Level 4 of the Depths
 65929 | Depths:4 | Noticed a caustic shrike
 65935 | Depths:4 | Killed a caustic shrike
 65936 | Depths:4 | Reached XP level 24. HP: 153/206 MP: 13/41
 65975 | Depths:4 | Noticed a caustic shrike
 65976 | Depths:4 | Noticed a caustic shrike
 65979 | Depths:4 | Noticed a caustic shrike
 65980 | Depths:4 | Noticed a caustic shrike
 65985 | Depths:4 | Killed a caustic shrike
 65992 | Depths:4 | Killed a caustic shrike
 65995 | Depths:4 | Killed a caustic shrike
 65996 | Depths:4 | Reached skill level 25 in Summonings
 65999 | Depths:4 | Killed a caustic shrike
 66166 | Depths:4 | Found a gate to the Realm of Zot.
 66614 | Depths:4 | Found Wiet's Distillery.
 66624 | Depths:4 | Bought a potion of heal wounds for 60 gold pieces
 66624 | Depths:4 | Bought a potion of heal wounds for 60 gold pieces
 66636 | Depths:4 | Reached skill level 26 in Summonings
 66906 | Depths:4 | Found a one-way gateway to a ziggurat.
 67450 | Vaults:5 | Entered Level 5 of the Vaults
 67964 | Vaults:5 | Reached skill level 27 in Summonings
 67974 | Vaults:5 | Identified the +12 spear "Qaunouma" {elec, rN+}
 68250 | Vaults:5 | Noticed a dread lich
 68257 | Vaults:5 | Killed a dread lich
 68337 | Vaults:5 | Got Sif Muna's Handbook of the Wendigo
 68376 | Vaults:5 | Reached XP level 25. HP: 214/214 MP: 5/41
 68413 | Vaults:5 | Noticed an ancient lich
 68424 | Vaults:5 | Killed an ancient lich
 68789 | Vaults:5 | Noticed an ancient lich
 68800 | Vaults:5 | Killed an ancient lich
 68948 | Vaults:5 | Identified the ring of Duung {Wiz Contam Fly rElec rC+
                  | Int+3}
 69143 | Vaults:5 | Identified the +8 quarterstaff of Tyuretom {flame, rC+
                  | Int+3}
 69214 | Vaults:5 | Identified the +4 flail of an ice cave {speed, rC++ Will++
                  | Dex-4}
 69328 | Vaults:5 | Got a silver rune of Zot
 69518 | Vaults:5 | Identified the +0 plate armour "Ungoeho" {Fly}
 69712 | Vaults:5 | Got the Essays on the Turbulent Door
 69846 | Vaults:5 | Reached skill level 15 in Dodging
 70159 | Vaults:5 | Identified the +2 hat "Yweunun" {Fly Str-2 Dex+3}
 70662 | Zot:1    | Entered Level 1 of the Realm of Zot
 72867 | Zot:2    | Reached XP level 26. HP: 187/227 MP: 18/41
 73422 | Zot:2    | Identified the +0 quarterstaff of the Gloaming {freeze,
                  | rPois}
 74513 | Zot:3    | Identified the +10 shortbow "Undertaker" {antimagic, Will+}
 75096 | Zot:3    | Noticed an orb of fire
 75104 | Zot:3    | Killed an orb of fire
 75478 | Zot:4    | Reached XP level 27. HP: 237/237 MP: 41/41
 75968 | Zot:4    | Reached skill level 15 in Shields
 76212 | Zot:4    | Identified the +0 ring mail "Piofup" {rC+ rN+}
 76265 | Zot:5    | Entered Level 5 of the Realm of Zot
 76295 | Zot:5    | Found a runed translucent gate.
 76295 | Zot:5    | Found a runed translucent gate.
 76381 | Zot:5    | Found Vumem's CLEARANCE SALE!.
 76389 | Zot:5    | Bought a potion of mutation for 56 gold pieces
 76389 | Zot:5    | Bought 2 potions of mutation for 112 gold pieces
 76391 | Zot:5    | Noticed a dread lich
 76398 | Zot:5    | Killed a dread lich
 76584 | Zot:5    | Noticed Plog's ghost (legendary FoHu)
 76586 | Zot:5    | Found a runed translucent gate.
 77257 | Zot:5    | Killed Plog's ghost
 77607 | Zot:5    | Noticed an orb of fire
 77614 | Zot:5    | Killed an orb of fire
 77725 | Zot:5    | Noticed a dread lich
 77729 | Zot:5    | Killed a dread lich
 77956 | Zot:5    | Noticed an orb of fire
 77972 | Zot:5    | Killed an orb of fire
 78281 | Zot:5    | Noticed an ancient lich
 78288 | Zot:5    | Killed an ancient lich
 78454 | Zot:5    | Noticed an orb of fire
 78464 | Zot:5    | Killed an orb of fire
 78543 | Zot:5    | Noticed an ancient lich
 78550 | Zot:5    | Killed an ancient lich
 78713 | Zot:5    | Noticed a dread lich
 78719 | Zot:5    | Killed a dread lich
 79317 | Zot:5    | Got the Orb of Zot
 79403 | Zot:2    | Noticed Xiogrut the pandemonium lord
 79413 | Zot:2    | Killed Xiogrut the pandemonium lord
 79491 | Depths:3 | Noticed Ziotoc the pandemonium lord
 79504 | Depths:3 | Killed Ziotoc the pandemonium lord
 79555 | Depths:1 | Noticed Pintulok the pandemonium lord
 79568 | Depths:1 | Killed Pintulok the pandemonium lord
 79754 | D:9      | Noticed Ydwall the pandemonium lord
 79764 | D:9      | Killed Ydwall the pandemonium lord
 79923 | D:$      | Escaped with the Orb!

Illustrated notes

Levels and vault maps discovered:
D:1:      nzn_arrival_settlement, layout_loops_ring,
          hellmonk_ecumenical_altar_prayer_group
D:2:      layout_rooms, basic_altar, uniq_crazy_yiuf_cottage, uniq_robin
D:3:      layout_loops_cross
D:4:      layout_layer_cave, serial_park_tiny_pond, minmay_fractal_squares_5,
          uniq_edmund
D:5:      layout_loops_ring, minmay_temple_entry_waves,
          ebering_ghost_reflecting_pool, nicolae_ossuary_entry_plus,
          uniq_sigmund
D:6:      layout_gridville, uniq_blork_the_orc
D:7:      layout_basic, minmay_shop_mass, serial_bayou_lake_a
D:8:      layout_rooms, serial_shops, shop_statue, nicolae_zen_rock_garden,
          minivault_12
D:9:      layout_irregular_city, erik_lair_orcish_takeover,
          gammafunk_ghost_abyssal_escape, st_stairs_2
D:10:     layout_gridville, gammafunk_temple_overflow_pools,
          mainiacjoe_overflow_cross_hatched, enter_trove_1
D:11:     layout_loops_cross, uniq_josephine
D:12:     layout_gridville, gauntlet_entry_generic, uniq_urug, uniq_rupert
D:13:     layout_cave_pods, serial_shops, shop, uniq_erolcha, uniq_snorg
D:14:     layout_roguey, david_vaults_1, dreamdust_princess_corridor
D:15:     hangedman_depths_entry_try_elsewhere_first, layout_loops_cross,
          serial_bayou_shore_a
Temple:   hellmonk_temple_divided_pantheon
Lair:1:   layout_regular_city, minmay_shattered_shrine, uniq_joseph, uniq_maggie
Lair:2:   layout_gridlike, nicolae_swamp_entry_splash_gauntlet,
          nicolae_lair_lil_pond, uniq_sonja
Lair:3:   dreamdust_cave_troll, layout_layer_cave, guppyfry_snake_entry_island,
          ebering_ghost_reflecting_pool, portal_ice_cave_rime,
          hibernation_bobbens, serial_bayou_shore_b, grunt_megastairs_5,
          uniq_amaemon
Lair:4:   layout_layer_cave, nicolae_slime_entry_field_trip
Lair:5:   hangedman_lair_tendril_chambers, layout_long_grid
Swamp:1:  layout_basic_swamp, hangedman_swamp_cone, uniq_kirke
Swamp:2:  layout_falls_marsh, infiniplex_staircase_pool
Swamp:3:  layout_basic_swamp, serial_swamp_ruin, hangedman_swamp_ruin_wall,
          evilmike_swamp_ruin_house_4, swamp_pool3, ldierk_geyser,
          nicolae_swamp_vermiculated
Swamp:4:  swamp_vile, layout_basic_swamp, gammafunk_ghost_grave, swamp_pool4,
          nicolae_swamp_triple_paths, nicolae_swamp_super_fun_site, uniq_roxanne
Snake:1:  layout_misc_corridors, serial_shops, shop, minmay_shop_grove,
          uniq_jorgrun, uniq_mlioglotl, uniq_aizul
Snake:2:  nicolae_snake_attic_fulla_snakes, layout_cave_pods
Snake:3:  layout_basic, special_room, st_stairs_6, uniq_vashnia
Snake:4:  minmay_snake_end_coiled, layout_onion, drop_trap, uniq_donald,
          uniq_asterion
Orc:1:    layout_caves
Orc:2:    grunt_orc_tribal_feast, layout_caves, serial_shops,
          nicolae_shop_gaudy_bauble, gammafunk_ghost_cemetery
Elf:1:    minmay_elf_arrival_plus, layout_geoelf_grid, serial_shops,
          nicolae_take_the_stairs, hangedman_elven_crosses_minicolossus
Elf:2:    elven_hall_of_blades_hangedman_original
          [nicolae_blade_entry_floor_patterns], layout_geoelf_diagonals
Elf:3:    minmay_elf_hall_dome, layout_onion_city
Vaults:1: vaults_dpeg_encased_lava, grunt_tower_of_power,
          nicolae_vaults_apartment_2, v_misc_30, vaults_room_door_hall,
          nicolae_vaults_cochlea, v_alt_pattern_5, hangedman_vaults_restitches,
          v_alt_pattern_2, layout_vaults_omnigrid
Vaults:2: vaults_room_octagon, nicolae_vaults_double_plus_1,
          vaults_standard_mumra_lines, nicolae_vaults_network_s,
          nicolae_vaults_lightning_bolt, vaults_room_guarded_vault,
          hangedman_vaults_variations, nicolae_vaults_closet_pinwheel_2,
          ontoclasm_vaults_ring_large, nicolae_vaults_specimen_jars,
          nicolae_vaults_doubleplus_tesselated, nicolae_vaults_border_crossing,
          vaults_dpeg_doors, vaults_room_grid, layout_vaults_omnibox
Vaults:3: nicolae_vaults_tetromino_L_1, nicolae_vaults_double_plus_1,
          minmay_crypt_entry_simple_plaza, nicolae_vaults_stairing_the_circle,
          nicolae_vaults_stepped_doors, nicolae_vaults_trapezoid_lopsided_1,
          v_misc_25, nicolae_vaults_frosty_reception, grunt_vaults_twisty,
          vaults_room_pool, nicolae_vaults_circle_grid_b,
          nicolae_vaults_tetromino_L_1, nicolae_vaults_little_squares_3,
          layout_vaults_ring
Vaults:4: mu_enter_wizlab_5, vaults_mumra_hexcomb, vaults_room_octagon,
          v_misc_2, nicolae_vaults_weapon_check, vaults_room_semicircle,
          nicolae_vaults_trapezoid_lopsided_3, nicolae_vaults_sealed_display,
          nicolae_vaults_closet_pinwheel_4, nicolae_vaults_more_shelving_1,
          nicolae_vaults_trapezoid_3, layout_vaults_chaotic_city
Vaults:5: serial_shops
Depths:1: layout_basic, ebering_ghost_reflecting_pool, nicolae_lava_and_water,
          hellmouth_1, nicolae_diode_intersection, grunt_megastairs_2
Depths:2: nzn_winding_woodlands_three_and_one
          [nzn_winding_woodlands_5x15_crooked,
          nzn_winding_woodlands_5x15_longhouse,
          nzn_winding_woodlands_5x15_twine,
          nzn_winding_woodlands_center_triple_pond], layout_cave_pools,
          rand_demon_pan_entry_3, hell_entry, uniq_sojobo, uniq_mara
Depths:3: minmay_dotted_concentric_squares, layout_gridlike,
          rand_demon_pan_entry_7, hell_entry, abyss_entry,
          minmay_misc_feat_rows, lemuel_freeze_loot_1,
          minmay_staircase_windowed_large, uniq_parghit
Depths:4: grunt_zot_entry_funnels, layout_cave_shapes, enter_ziggurat_e,
          serial_shops, shop, chequers_serial_rivers_room_a, hell_entry
Zot:1:    layout_cathedral_of_symmetry
Zot:2:    layout_cathedral_of_symmetry, grunt_megastairs_4
Zot:3:    layout_concentric_octagons
Zot:4:    layout_misc_corridors, zot_minivault_1
Zot:5:    layout_concentric_octagons, ebering_ghost_rock_garden,
          grunt_ministairs_14, nicolae_shop_clearance

Skill      XL: |  1  2  3  4  5  6  7  8  9 10 11 12 13 14 15 16 17 18 19 20 21 22 23 24 25 26 27 |
---------------+----------------------------------------------------------------------------------+-----
Necromancy     | 1 2 4 |  4.0
Conjurations   | 4 5 6 7 8 10 11 12 13 15 | 15.0
Stealth        | 1 2 6 |  6.0
Translocations | 1 2 |  2.0
Fighting       | 3 4 5 7 9 10 12 14 15 16 19 20 21 22 23 26 | 26.0
Long Blades    | 4 5 6 8 10 12 13 14 | 14.0
Ice Magic      | 2 4 |  4.0
Dodging        | 3 4 5 6 8 10 12 14 15 17 20 | 20.0
Spellcasting   | 3 5 6 8 10 11 12 14 | 14.0
Earth Magic    | 1 4 5 6 |  6.0
Evocations     | 4 5 6 8 |  8.0
Throwing       | 2 |  2.0
Transmutations | 3 6 7 |  7.0
Invocations    | 2 5 6 8 9 10 11 12 | 12.0
Armour         | 3 4 5 8 |  8.8
Shields        | 4 10 13 14 18 | 18.4
Summonings     | 10 15 17 19 21 24 27 | 27.0

Action                     |  1- 3 |  4- 6 |  7- 9 | 10-12 | 13-15 | 16-18 | 19-21 | 22-24 | 25-27 || total
---------------------------+-------+-------+-------+-------+-------+-------+-------+-------+-------++-------
  Melee: Falchion          |   101 |   107 |   202 |       |       |       |       |       |       ||   410
         Punch             |     3 |       |     2 |       |       |       |       |       |       ||     5
         Long sword        |       |       |    10 |    46 |       |       |       |       |       ||    56
         Great sword       |       |       |       |   305 |   674 |       |       |       |       ||   979
         Scimitar          |       |       |       |       |   114 |   823 |   916 |   179 |       ||  2032
         Bo                |       |       |       |       |       |       |     4 |     5 |       ||     9
         Spear             |       |       |       |       |       |       |       |    21 |    12 ||    33
         Demon blade       |       |       |       |       |       |       |       |    28 |   124 ||   152
  Throw: Stone             |     7 |    29 |     8 |       |       |       |       |       |       ||    44
         Dart              |       |       |     8 |     3 |     2 |     3 |       |       |       ||    16
         Javelin           |       |       |       |     6 |       |     8 |     1 |       |       ||    15
         Boomerang         |       |       |       |     2 |     2 |       |       |       |       ||     4
   Cast: Momentum Strike   |    12 |    21 |    44 |    10 |       |       |       |       |       ||    87
         Kiss of Death     |     2 |     1 |     4 |       |       |       |       |       |       ||     7
         Hailstorm         |       |       |    10 |     2 |     7 |       |       |       |       ||    19
         Stone Arrow       |       |       |    33 |   112 |    36 |     6 |       |       |       ||   187
         Lesser Beckoning  |       |       |       |     5 |    20 |    63 |    52 |    16 |     1 ||   157
         Irradiate         |       |       |       |    16 |    83 |    80 |    58 |     7 |     1 ||   245
         Wereblood         |       |       |       |       |     7 |       |       |       |       ||     7
         Spellforged Servi |       |       |       |       |       |       |   111 |    62 |    57 ||   230
         Orb of Destructio |       |       |       |       |       |       |    10 |       |       ||    10
         Leda's Unmaking   |       |       |       |       |       |       |    44 |    39 |       ||    83
         Summon Horrible T |       |       |       |       |       |       |     8 |   116 |   108 ||   232
         Dragon's Call     |       |       |       |       |       |       |       |    43 |    64 ||   107
         Borgnjor's Vile C |       |       |       |       |       |       |       |     3 |    18 ||    21
         Blink             |       |       |       |       |       |       |       |       |     3 ||     3
         Passwall          |       |       |       |       |       |       |       |       |     3 ||     3
 Invoke: Slouch            |       |       |       |     1 |     2 |     3 |    10 |     1 |       ||    17
         Bend Time         |       |       |       |     1 |     1 |     2 |       |       |       ||     4
         Step From Time    |       |       |       |       |       |       |     1 |       |       ||     1
Ability: Hop               |       |     3 |     6 |    10 |    10 |     8 |    13 |    10 |     6 ||    66
  Evoke: Wand              |       |       |    15 |    55 |    57 |    23 |    31 |     3 |     3 ||   187
         Tin of tremorston |       |       |       |       |       |       |     4 |     2 |       ||     6
    Use: Scroll            |     3 |     5 |     4 |    12 |    21 |     7 |     9 |    26 |     5 ||    92
         Potion            |       |       |     2 |     3 |     3 |     7 |    10 |    14 |     6 ||    45
   Stab: Sleeping          |       |     1 |       |     1 |     3 |     2 |     4 |     4 |       ||    15
         Paralysed         |       |       |       |     6 |       |       |       |       |       ||     6
         Invisible         |       |       |       |     2 |     1 |       |     2 |       |       ||     5
         Distracted        |       |       |       |       |     1 |       |    33 |     9 |     5 ||    48
 Armour: Leather armour    |    48 |    22 |    39 |    30 |       |    62 |   172 |    72 |     2 ||   447
         Ring mail         |       |       |       |    70 |   121 |    16 |       |       |    29 ||   236
         Steam dragon scal |       |       |       |     8 |    90 |       |       |       |       ||    98
         Robe              |       |       |       |       |       |     7 |       |     2 |       ||     9
         Skin              |       |       |       |       |       |       |     3 |       |     2 ||     5
  Dodge: Dodged            |    83 |    80 |   186 |   482 |  1156 |   500 |   527 |   261 |   200 ||  3475
  Block: Kite shield       |       |       |       |       |    88 |   783 |   713 |   345 |   139 ||  2068
         Other             |       |       |       |       |    28 |       |       |       |       ||    28
         Reflection        |       |       |       |       |     8 |    93 |    53 |    50 |       ||   204

Table legend: (Time is in decaauts)
 A = Elapsed time spent in this place.
 B = Non-inter-level travel time spent in this place.
 C = Inter-level travel time spent in this place.
 D = Time resting spent in this place.
 E = Time spent auto-exploring this place.
 F = Levels seen in this place.
 G = Mean time per level.
                   A        B        C        D        E       F      G
               +--------+--------+--------+--------+--------+-----+--------+
         Total | 125126 | 113705 |  11421 |  27978 |  56972 |  49 | 2553.6 |
       Dungeon |  32450 |  27852 |   4598 |   6980 |  11808 |  15 | 2163.3 |
        Temple |     62 |     45 |     17 |      0 |      4 |   1 |   62.0 |
          Lair |  15245 |  13581 |   1664 |   2546 |   7960 |   5 | 3049.0 |
         Swamp |   8416 |   7978 |    438 |   2036 |   3776 |   4 | 2104.0 |
     Snake Pit |  10668 |  10142 |    526 |   2673 |   4627 |   4 | 2667.0 |
  Orcish Mines |   4244 |   3073 |   1171 |    337 |   2017 |   2 | 2122.0 |
   Elven Halls |   9554 |   8938 |    616 |   3100 |   3978 |   3 | 3184.7 |
        Vaults |  18296 |  17188 |   1108 |   4305 |   9675 |   5 | 3659.2 |
        Depths |  10177 |   9339 |    838 |   1656 |   5727 |   4 | 2544.2 |
           Zot |  14284 |  13843 |    441 |   3518 |   6954 |   5 | 2856.8 |
        Wizlab |   1726 |   1726 |      0 |    824 |    441 |   1 | 1726.0 |
               +--------+--------+--------+--------+--------+-----+--------+

Top non-repeatable levels by time:
Vaults:2: 4418 daAuts
   Elf:3: 4273 daAuts
   Zot:5: 4094 daAuts
  Lair:3: 4089 daAuts
 Snake:4: 3847 daAuts
Vaults:1: 3818 daAuts
Vaults:5: 3715 daAuts
     D:9: 3683 daAuts
Vaults:4: 3678 daAuts
   Zot:2: 3433 daAuts
     D:6: 3308 daAuts
 Swamp:4: 3206 daAuts
   Elf:1: 3072 daAuts
   Orc:2: 3054 daAuts
  Lair:1: 3041 daAuts
